 Dungeon Crawl Stone Soup version 0.28-a0-1616-g050a50673c (webtiles) character file.

Game seed: 4556801166478006985

833 bearlyready the Cudgeller (level 7, -5/60 HPs)
             Began as a Gnoll Cinder Acolyte on Jan 22, 2022.
             Was a High Priest of Ignis.
             Splashed by a jelly's acid (7 damage)
             ... on level 5 of the Dungeon.
             The game lasted 00:08:21 (5322 turns).

bearlyready the Cudgeller (Gnoll Cinder Acolyte)    Turns: 5322, Time: 00:08:22

Health: -5/60      AC:  2    Str: 16    XL:     7   Next: 98%
Magic:  11/13      EV:  9    Int: 13    God:    Ignis [*****.]
Gold:   232        SH:  0    Dex:  7    Spells: 12/14 levels left

rFire   + . .      SeeInvis .   a - -1 mace (flame)
rCold   . . .      Faith    .   (no shield)
rNeg    . . .      Spirit   .   i - +0 scale mail
rPois   .          Reflect  .   (no helmet)
rElec   .          Harm     .   d - scarf {repulsion}
rCorr   .          Rampage  .   (no gloves)
Will    +....                   (no boots)
Stlth   ..........              (no amulet)
HPRegen 0.20/turn               c - ring of willpower
MPRegen 0.13/turn               (no ring)

@: corroded, repel missiles
A: fangs 1, strong nose, distributed training
a: Renounce Religion, Fiery Armour, Foxfire Swarm, Rising Flame


You were on level 5 of the Dungeon.
You worshipped Ignis.
Ignis was extremely pleased with you.
You visited 1 branch of the dungeon, and saw 5 of its levels.
You also visited: Sewer.

You collected 232 gold pieces.

Inventory:

Hand Weapons
 a - a -1 mace of flaming (weapon)
 b - a +0 hunting sling
 B - a +0 rapier
Missiles
 e - 74 arrows
 h - 79 stones (quivered)
 j - 2 atropa-tipped darts
 y - 3 boomerangs
 C - 14 sling bullets
Armour
 d - a scarf of repulsion (worn)
 i - a +0 scale mail (worn)
 n - a +0 robe
Jewellery
 c - a ring of willpower (left hand)
Wands
 z - a wand of mindburst (11)
Scrolls
 g - 7 scrolls of teleportation {unknown}
 m - 3 scrolls of identify {unknown}
 p - 2 scrolls of torment {unknown}
 q - 2 scrolls of enchant armour {unknown}
 r - a scroll of fear {unknown}
 u - 3 scrolls of brand weapon {unknown}
 w - 2 scrolls of summoning {unknown}
 D - a scroll of amnesia {unknown}
 E - a scroll of noise {unknown}
Potions
 f - a potion of might
 k - a potion of mutation {unknown}
 l - 2 potions of flight {unknown}
 o - a potion of resistance {unknown}
 s - a potion of magic {unknown}
 t - a potion of invisibility {unknown}
 v - a potion of heal wounds
 x - a potion of brilliance {unknown}
 A - a potion of curing {unknown}


   Skills:
 + Level 7.2 Fighting
 + Level 2.8 Short Blades
 + Level 2.8 Long Blades
 + Level 2.8 Axes
 + Level 7.2 Maces & Flails
 + Level 2.8 Polearms
 + Level 2.8 Staves
 + Level 2.8 Slings
 + Level 2.8 Bows
 + Level 2.8 Crossbows
 + Level 2.8 Throwing
 + Level 2.8 Armour
 + Level 2.8 Dodging
 + Level 2.8 Stealth
 + Level 2.8 Shields
 + Level 2.8 Unarmed Combat
 + Level 4.0 Spellcasting
 + Level 2.3 Conjurations
 + Level 2.3 Hexes
 + Level 2.3 Summonings
 + Level 2.3 Necromancy
 + Level 2.3 Translocations
 + Level 2.3 Transmutations
 + Level 5.9 Fire Magic
 + Level 2.3 Ice Magic
 + Level 2.3 Air Magic
 + Level 2.3 Earth Magic
 + Level 2.3 Poison Magic
 + Level 3.1 Invocations
 + Level 2.8 Evocations


You had 12 spell levels left.
You knew the following spells:

 Your Spells              Type           Power      Damage    Failure   Level
a - Scorch                Fire           36%        2d7       10%         2

Your spell library contained the following spells:

 Spells                   Type           Power      Damage    Failure   Level
 Animate Skeleton         Necr           16%        N/A       28%         1
 Apportation              Tloc           16%        N/A       28%         1
 Summon Small Mammal      Summ           32%        N/A       28%         1
 Gell's Gravitas          Tloc           8%         N/A       65%         3
 Lesser Beckoning         Tloc           8%         N/A       65%         3
 Teleport Other           Tloc           8%         N/A       65%         3
 Alistair's Intoxication  Tmut/Pois      5%         N/A       100%        5


Dungeon Overview and Level Annotations

Branches:
Dungeon (5/15)              Sewer (visited)
 Temple: D:4-7

Altars:
Ashenzari


Innate Abilities, Weirdness & Mutations

You have very sharp teeth.
Your uncanny sense of smell can sniff out nearby items.
Your experience applies equally to all skills.


Message History

The jelly is moderately wounded.
The jelly hits you. The acid corrodes you!
You are splashed with acid!
You hit the jelly. You burn the jelly.
Your hands burn!
Your bite misses the jelly.
The jelly is heavily wounded.
The jelly hits you.
You are splashed with acid!
You are too injured to fight recklessly!
You are too injured to fight recklessly!
You are too injured to fight recklessly!
You are too injured to fight recklessly!
You are too injured to fight recklessly!
You are too injured to fight recklessly!
You are too injured to fight recklessly!
You are too injured to fight recklessly!
You hit the jelly but do no damage. The acid corrodes you!
Your hands burn!
The jelly is heavily wounded.
The jelly hits you.
You are splashed with acid.
You hit the jelly but do no damage.
Your hands burn!
* * * LOW HITPOINT WARNING * * *
The jelly is heavily wounded.
The jelly hits you.
* * * LOW HITPOINT WARNING * * *
You are splashed with acid!
* * * LOW HITPOINT WARNING * * *
You hit the jelly but do no damage.
Your hands burn!
* * * LOW HITPOINT WARNING * * *
The jelly is heavily wounded.
The jelly closely misses you.
You hit the jelly but do no damage.
Your hands burn!
* * * LOW HITPOINT WARNING * * *
The jelly is heavily wounded.
The jelly barely misses you.
Casting: Scorch (safe; 10% risk of failure)
Confirm with . or Enter, or press ? or * to list all spells.
Flames lash the jelly.
The jelly is almost dead.
The jelly's fire resistance burns away.
The jelly hits you.
* * * LOW HITPOINT WARNING * * *
You are splashed with acid!
You die...

#.......#>...............
#.......#................
#.......#................
####..##.####...###..##.######
#.....##.##########..##.####..
##..........#.................
#..........#.................
#..........#J.........)).....
##...####'##@...##...........
######...##.#####...........
#..........######+##....
#..........##.....##....
#.......................
#.....<.................
#....########...........
#....##....##.....##....
##...##...........##....


You could see a jelly (combustible).

Vanquished Creatures
  Sigmund (D:2)
  An ogre (D:5)
  A scorpion (D:5)
  A howler monkey (D:5)
  3 orc priests
  A jelly (D:3)
  A gnoll shaman (D:5)
  A centaur skeleton (D:5)
  4 iguanas
  A hell rat (Sewer)
  4 gnolls
  4 adders
  3 river rats (Sewer)
  A white imp (D:5)
  2 adder skeletons (D:4)
  3 worms
  A dart slug (D:3)
  6 orcs
  4 ball pythons
  7 bats
  3 endoplasms
  6 giant cockroaches
  5 goblins
  5 hobgoblins
  4 jackals (D:1)
  8 kobolds
  3 quokkas
  5 frilled lizards
  13 rats
102 creatures vanquished.

Notes
Turn   | Place    | Note
-------+----------+-------------------------------------------
     0 | D:1      | bearlyready the Gnoll Cinder Acolyte began the quest for
                  | the Orb.
     0 | D:1      | Reached XP level 1. HP: 23/23 MP: 4/4
   357 | D:1      | Reached XP level 2. HP: 29/29 MP: 5/5
   428 | D:1      | Found a faded altar of an unknown god.
   879 | D:1      | Learned a level 2 spell: Scorch
  1388 | D:2      | Reached XP level 3. HP: 35/35 MP: 7/7
  2017 | D:2      | Noticed Sigmund
  2033 | D:2      | Killed Sigmund
  2034 | D:2      | Reached skill level 1 in Short Blades
  2034 | D:2      | Reached skill level 1 in Long Blades
  2034 | D:2      | Reached skill level 1 in Axes
  2034 | D:2      | Reached skill level 1 in Polearms
  2034 | D:2      | Reached skill level 1 in Staves
  2034 | D:2      | Reached skill level 1 in Slings
  2034 | D:2      | Reached skill level 1 in Bows
  2034 | D:2      | Reached skill level 1 in Crossbows
  2034 | D:2      | Reached skill level 1 in Throwing
  2034 | D:2      | Reached skill level 1 in Armour
  2034 | D:2      | Reached skill level 1 in Dodging
  2034 | D:2      | Reached skill level 1 in Stealth
  2034 | D:2      | Reached skill level 1 in Shields
  2034 | D:2      | Reached skill level 1 in Unarmed Combat
  2034 | D:2      | Reached skill level 1 in Conjurations
  2034 | D:2      | Reached skill level 1 in Hexes
  2034 | D:2      | Reached skill level 1 in Summonings
  2034 | D:2      | Reached skill level 1 in Necromancy
  2034 | D:2      | Reached skill level 1 in Translocations
  2034 | D:2      | Reached skill level 1 in Transmutations
  2034 | D:2      | Reached skill level 1 in Ice Magic
  2034 | D:2      | Reached skill level 1 in Air Magic
  2034 | D:2      | Reached skill level 1 in Earth Magic
  2034 | D:2      | Reached skill level 1 in Poison Magic
  2034 | D:2      | Reached skill level 1 in Invocations
  2034 | D:2      | Reached skill level 1 in Evocations
  2034 | D:2      | Reached XP level 4. HP: 35/41 MP: 2/8
  2034 | D:2      | Reached XP level 5. HP: 40/47 MP: 2/9
  2350 | D:3      | Found a broken altar of Ashenzari.
  2632 | D:3      | Reached XP level 6. HP: 44/53 MP: 10/10
  3560 | D:4      | Found a glowing drain.
  3579 | Sewer    | Entered a sewer
  4341 | D:5      | Entered Level 5 of the Dungeon
  4360 | D:5      | Reached XP level 7. HP: 52/59 MP: 12/12
  5321 | D:5      | HP: 3/60 [acid (2)]
  5322 | D:5      | Splashed by a jelly's acid

Illustrated notes

Levels and vault maps discovered:
D:1:      tarquinn_simple_flora_water_f, layout_loops_corners,
          ebering_ecumenical_altar_mist
D:2:      layout_loops_corners, uniq_sigmund
D:3:      wad_crossroads, layout_basic, cheibrodos_ashenzari_chains
D:4:      layout_rooms, gup_sewer_entry_bubbles, chequers_serial_rivers_large_b
D:5:      layout_gridville, nemelex_dance_club_becter

Skill      XL: |  1  2  3  4  5  6  7 |
---------------+----------------------+-----
Short Blades   | 1 2 |  2.8
Long Blades    | 1 2 |  2.8
Axes           | 1 2 |  2.8
Polearms       | 1 2 |  2.8
Staves         | 1 2 |  2.8
Slings         | 1 2 |  2.8
Bows           | 1 2 |  2.8
Crossbows      | 1 2 |  2.8
Throwing       | 1 2 |  2.8
Armour         | 1 2 |  2.8
Dodging        | 1 2 |  2.8
Stealth        | 1 2 |  2.8
Shields        | 1 2 |  2.8
Unarmed Combat | 1 2 |  2.8
Spellcasting   | 3 4 |  4.0
Conjurations   | 1 2 |  2.3
Hexes          | 1 2 |  2.3
Summonings     | 1 2 |  2.3
Necromancy     | 1 2 |  2.3
Translocations | 1 2 |  2.3
Transmutations | 1 2 |  2.3
Ice Magic      | 1 2 |  2.3
Air Magic      | 1 2 |  2.3
Earth Magic    | 1 2 |  2.3
Poison Magic   | 1 2 |  2.3
Invocations    | 1 2 3 |  3.1
Evocations     | 1 2 |  2.8
Fighting       | 7 |  7.2
Maces & Flails | 7 |  7.2
Fire Magic     | |  5.9

Action                   |  1- 3 |  4- 6 |  7- 9 || total
-------------------------+-------+-------+-------++-------
Melee: Mace              |    85 |   152 |    73 ||   310
       Bite              |    10 |    14 |     7 ||    31
       Punch             |       |     2 |     3 ||     5
 Fire: Hunting sling     |       |    66 |     8 ||    74
 Cast: Scorch            |     3 |       |     8 ||    11
Invok: Fiery Armour      |     1 |       |       ||     1
  Use: Potion            |     2 |     1 |       ||     3
Armor: Robe              |    24 |       |       ||    24
       Scale mail        |    19 |    71 |    18 ||   108
Dodge: Dodged            |    56 |    98 |    36 ||   190
       Repelled          |       |       |     1 ||     1

Table legend: (Time is in decaauts)
 A = Elapsed time spent in this place.
 B = Non-inter-level travel time spent in this place.
 C = Inter-level travel time spent in this place.
 D = Time resting spent in this place.
 E = Time spent auto-exploring this place.
 F = Levels seen in this place.
 G = Mean time per level.
                   A        B        C        D        E       F      G
               +--------+--------+--------+--------+--------+-----+--------+
         Total |   5412 |   5239 |    173 |    321 |   3789 |   6 |  902.0 |
       Dungeon |   5006 |   4833 |    173 |    202 |   3583 |   5 | 1001.2 |
         Sewer |    405 |    405 |      0 |    119 |    205 |   1 |  405.0 |
               +--------+--------+--------+--------+--------+-----+--------+

Top non-repeatable levels by time:
     D:1: 1372 daAuts
     D:3: 1059 daAuts
     D:2: 942 daAuts
     D:5: 893 daAuts
     D:4: 738 daAuts
   Sewer: 405 daAuts
